 Dungeon Crawl Stone Soup version 0.31.0-11-ge490571c62 (webtiles) character file.

Game seed: 839485751600305241

798 qw the Shooter (level 7, -6/35 HPs)
             Began as a Spriggan Hunter on Feb 4, 2024.
             Killed by divine providence
             ... invoked by an orc priest
              (13 damage)
             ... on level 4 of the Dungeon.
             The game lasted 00:00:18 (3148 turns).

qw the Shooter (Spriggan Hunter)                    Turns: 3148, Time: 00:00:19

Health: -6/35      AC:  2    Str:  7    XL:     7   Next: 58%
Magic:  8/8        EV: 22    Int: 11    God:
Gold:   177        SH:  0    Dex: 20    Spells: 6/6 levels left

rFire   . . .        a - +2 shortbow
rCold   . . .        (shield currently unavailable)
rNeg    . . .        c - +0 robe
rPois   +            (helmet restricted)
rElec   .            (no cloak)
rCorr   .            (gloves unavailable)
SInv    +            (boots unavailable)
Will    +....        (no amulet)
Stlth   ++           g - ring of poison resistance
HPRegen 0.25/turn    (no ring)
MPRegen 0.11/turn

%: no passive effects
@: very quick
A: very small, no large weapons, unfitting armour, see invisible, speed 3
a: no special abilities


You were on level 4 of the Dungeon.
You visited 1 branch of the dungeon, and saw 4 of its levels.
You also visited: Sewer.

You collected 177 gold pieces.


Innate Abilities, Weirdness & Mutations

You are very small and have problems with some larger weapons.
You are too small for most types of armour.
You have supernaturally acute eyesight. (SInv)
You cover ground extremely quickly. (Speed+++)


   Skills:
 - Level 2.0 Fighting
 + Level 7.9 Ranged Weapons
 - Level 7.0 Dodging
 - Level 1.5 Stealth


You had 6 spell levels left.
You didn't know any spells.
Your spell library was empty.

Inventory:

Hand Weapons
 a - a +2 shortbow (weapon)
Armour
 c - a +0 robe (worn)
Jewellery
 g - a ring of poison resistance (left hand)
Wands
 m - a wand of iceblast (6)
Scrolls
 h - a scroll of enchant armour
Potions
 b - a potion of brilliance {unknown}
 d - a potion of haste {unknown}
 e - a potion of curing
 f - a potion of mutation {unknown}
 i - a potion of might
 j - a potion of heal wounds {unknown}
 k - a potion of enlightenment {unknown}
 l - a potion of magic {unknown}

Dungeon Overview and Level Annotations

Branches:
Dungeon (4/15)              Sewer (visited)
 Temple: D:4-7

Altars:

Shops:
D:1 *


Message History

The orc is moderately wounded.
An orc priest comes into view. It is wielding a +2 whip of flaming.
The orc completely misses you.
You shoot an arrow. The orc priest shouts!
The arrow hits the orc.
The orc is severely wounded.
You shoot an arrow. The arrow hits the orc!
You kill the orc!
You shoot an arrow.
The arrow hits the orc but does no damage.
The orc completely misses you.
You shoot an arrow. The arrow hits the orc.
The orc is severely wounded.
You shoot an arrow. The arrow barely misses the orc.
The orc misses you.
You shoot an arrow. The arrow hits the orc!
You kill the orc!
The orc hits you with a +0 hand axe.
You shoot an arrow. The arrow hits the orc priest.
The orc priest is moderately wounded.
The orc completely misses you. The orc priest completely misses you.
The orc closely misses you.
You shoot an arrow. The arrow hits the orc priest.
The orc priest is moderately wounded.
The orc hits you with a +0 hand axe.
The orc priest mumbles some strange prayers to Beogh against you.
Beogh smites you! The orc barely misses you.
You shoot an arrow. The arrow hits the orc priest.
The orc priest is heavily wounded.
The orc completely misses you.
The orc priest hits you with a +2 whip of flaming.
The orc priest burns you. The orc misses you.
You shoot an arrow.
The arrow hits the orc priest but does no damage.
The orc priest is heavily wounded.
The orc barely misses you.
The orc priest mumbles some strange prayers to Beogh against you.
Beogh smites you!
You die...

#.... #.... +.... #....
### #..). #.### #....
#####...##
##...o###+##...#....#
#....o@'...#........#
#....o.#...#...##..####
##..####..#######..##..
#. ###..##...##......
.. +.....'...........
.. #.....#...##..#### .
#.....#...##+###..
#.....#....#...'..
#.....#....+...#..


You could see an orc priest and 2 orcs.

Vanquished Creatures
  Sigmund (D:2)
  A black bear (D:4)
  Pargi (Sewer)
  2 brain worms (Sewer)
  2 bombardier beetles (D:4)
  2 hounds (D:4)
  Terence (D:2)
  Robin (D:2)
  3 adders
  A gnoll (D:3)
  A dart slug (D:1)
  4 ribbon worms
  5 orcs
  7 ball pythons
  10 endoplasms
  5 giant cockroaches (D:3)
  21 goblins
  17 hobgoblins
  3 jackals (D:3)
  8 quokkas
  8 bats
  7 frilled lizards
  3 kobolds
  7 rats
121 creatures vanquished.

Notes
Turn   | Place    | Note
-------+----------+-------------------------------------------
     0 | D:1      | qw the Spriggan Hunter began the quest for the Orb.
     0 | D:1      | Reached XP level 1. HP: 10/10 MP: 2/2
     0 | D:1      | 0 ||| qw: Version: 0.3-a-160-g6735b56
     0 | D:1      | 0 ||| qw: Game counter: 5508
     0 | D:1      | 0 ||| qw: Melee chars always use a shield: true
     0 | D:1      | 0 ||| qw: God list: Okawaru
     0 | D:1      | 0 ||| qw: Allow faded altars: false
     0 | D:1      | 0 ||| qw: Do Orc after clearing Dungeon:15 true
     0 | D:1      | 0 ||| qw: Do second Lair branch before Depths: true
     0 | D:1      | 0 ||| qw: Lair rune preference: random
     0 | D:1      | 0 ||| qw: Goals: Normal
     0 | D:1      | 0 ||| PLANNING D:1-11
    24 | D:1      | Reached skill level 3 in Dodging
    29 | D:1      | Found Bicack's General Store.
    38 | D:1      | 38 ||| SHOPLISTING +4 ring of protection (396 gold, have
                  | 10).
    38 | D:1      | 38 ||| SHOPLISTING potion of resistance (110 gold, have
                  | 10).
    38 | D:1      | 38 ||| SHOPLISTING wand of mindburst (15) (231 gold, have
                  | 10).
    65 | D:1      | Reached XP level 2. HP: 14/14 MP: 3/3
   214 | D:1      | Reached XP level 3. HP: 18/18 MP: 4/4
   469 | D:1      | 469 ||| READING scroll labelled EZUTUFEIPT.
   470 | D:1      | 470 ||| READING scroll labelled KACIKI FEHOIGH.
   473 | D:1      | 473 ||| DROPPING scroll of butterflies.
   549 | D:2      | Noticed Sigmund
   563 | D:2      | Killed Sigmund
   564 | D:2      | Reached skill level 6 in Ranged Weapons
   564 | D:2      | Reached XP level 4. HP: 14/22 MP: 5/5
   564 | D:2      | Reached XP level 5. HP: 16/25 MP: 6/6
   637 | D:2      | 637 ||| FLEEEEING.
   638 | D:2      | 638 ||| FLEEEEING.
   664 | D:2      | Noticed Robin
   667 | D:2      | HP: 6/25 [ribbon worm (6)]
   675 | D:2      | Killed Robin
   676 | D:2      | 676 ||| FLEEEEING.
   678 | D:2      | 678 ||| FLEEEEING.
   679 | D:2      | 679 ||| FLEEEEING.
   680 | D:2      | 680 ||| FLEEEEING.
   681 | D:2      | 681 ||| FLEEEEING.
   682 | D:2      | 682 ||| FLEEEEING.
   683 | D:2      | 683 ||| FLEEEEING.
   684 | D:2      | 684 ||| FLEEEEING.
   685 | D:2      | 685 ||| FLEEEEING.
   686 | D:2      | 686 ||| FLEEEEING.
   687 | D:2      | 687 ||| FLEEEEING.
   688 | D:2      | 688 ||| FLEEEEING.
   689 | D:2      | 689 ||| FLEEEEING.
   690 | D:2      | 690 ||| FLEEEEING.
   692 | D:2      | 692 ||| FLEEEEING.
   693 | D:2      | 693 ||| FLEEEEING.
  1159 | D:2      | Noticed Terence
  1163 | D:2      | Killed Terence
  1441 | D:2      | You fall into a shaft and drop 1 floor!
  1448 | D:3      | 1448 ||| PLANNING SEWER
  1468 | D:3      | Reached XP level 6. HP: 30/30 MP: 7/7
  1801 | D:3      | 1801 ||| FLEEEEING.
  1802 | D:3      | 1802 ||| FLEEEEING.
  2182 | D:3      | Found a glowing drain.
  2194 | D:3      | 2194 ||| DROPPING ring of flight.
  2196 | D:3      | 2196 ||| UPGRADING to ring of poison resistance.
  2197 | D:3      | 2197 ||| READING scroll labelled QOMAIC KUTWYNG.
  2198 | D:3      | 2198 ||| READING scroll labelled QUAJONI DYTZISO.
  2199 | D:3      | 2199 ||| READING scroll labelled OSKAPATUJO.
  2200 | D:3      | 2200 ||| READING scroll labelled GEUBIKHL CIEH.
  2200 | D:3      | 2200 ||| ENCHANTING +0 shortbow.
  2201 | D:3      | 2201 ||| DRINKING 2 clear potions.
  2202 | D:3      | 2202 ||| DRINKING 2 viscous clear potions.
  2208 | Sewer    | Entered a sewer
  2228 | Sewer    | Noticed Pargi
  2244 | Sewer    | Killed Pargi
  2245 | Sewer    | Reached skill level 6 in Dodging
  2381 | Sewer    | 2381 ||| READING scroll of enchant weapon.
  2381 | Sewer    | 2381 ||| ENCHANTING +1 shortbow.
  2414 | Sewer    | Reached XP level 7. HP: 28/35 MP: 6/8
  2478 | Sewer    | 2478 ||| READING scroll labelled ZETOAFACZE.
  2478 | Sewer    | 2478 ||| ENCHANTING +2 shortbow.
  2492 | D:3      | 2492 ||| PLANNING D:1-11
  3147 | D:4      | HP: 7/35 [orc priest/+2 whip of flaming (2)]
  3148 | D:4      | Killed from afar by an orc priest

Levels and vault maps discovered:
D:1:      scummos_arrival_forest, layout_basic, serial_shops,
          nicolae_shop_hallway_stairs
D:2:      layout_basic, uniq_terence, uniq_sigmund, uniq_robin
D:3:      minmay_razor_zed, layout_basic, gup_sewer_entry_pipe
D:4:      black_bear_nest_2, layout_gridville

Skill      XL: |  1  2  3  4  5  6  7 |
---------------+----------------------+-----
Dodging        | 3 4 5 6 7 |  7.0
Ranged Weapons | 6 7 |  7.9
Fighting       | 2 |  2.0
Stealth        | |  1.5

Action                     |  1- 3 |  4- 6 |  7- 9 || total
---------------------------+-------+-------+-------++-------
   Fire: Shortbow          |    77 |   238 |    45 ||   360
    Use: Scroll            |     2 |     5 |     1 ||     8
         Potion            |       |     2 |       ||     2
 Armour: Robe              |     3 |    37 |     7 ||    47
  Dodge: Dodged            |    17 |   116 |    32 ||   165

Table legend:
 A = Non-vault XP
 B = Vault XP
 C = Vault XP percentage of total XP
 D = Non-vault monster count
 E = Vault monster count
 F = Vault count percentage of total count
                 A         B        C        D         E       F
            +---------+---------+-------+---------+---------+-------
      Total |     326 |     814 |  71.4 |      70 |      51 |  42.1
            +---------+---------+-------+---------+---------+-------
        D:1 |      50 |       0 |   0.0 |      28 |       0 |   0.0
        D:2 |      27 |     296 |  91.6 |      13 |      15 |  53.6
        D:3 |      65 |      63 |  49.2 |      20 |      27 |  57.4
        D:4 |     184 |     131 |  41.6 |       9 |       1 |  10.0
      Sewer |       0 |     324 | 100.0 |       0 |       8 | 100.0
            +---------+---------+-------+---------+---------+-------
